 Dungeon Crawl Stone Soup version 0.29.1-1-gd02db6906a (webtiles) character file.

Game seed: 12035090632208187374

38 Marcotte the Conjurer (level 3, -4/24 HPs)
             Began as a Human Conjurer on Sept 15, 2022.
             Slain by a goblin
             ... wielding a +0 club
             ... led by Robin
              (5 damage)
             ... on level 2 of the Dungeon.
             The game lasted 00:06:02 (2314 turns).

Marcotte the Conjurer (Human Conjurer)              Turns: 2314, Time: 00:06:03

Health: -4/24      AC:  2    Str:  7    XL:     3   Next: 65%
Magic:  2/6        EV: 12    Int: 20    God:
Gold:   97         SH:  0    Dex: 11    Spells: 3/6 levels left

rFire   . . .      SeeInvis .   (no weapon)
rCold   . . .      Faith    .   (no shield)
rNeg    . . .      Spirit   .   a - +0 robe
rPois   .          Reflect  .   (no helmet)
rElec   .          Harm     .   (no cloak)
rCorr   .          Rampage  .   (no gloves)
Will    .....                   (no boots)
Stlth   ++........              (no amulet)
HPRegen 0.08/turn               (no ring)
MPRegen 0.10/turn               (no ring)

@: no status effects
A: no striking features
a: no special abilities


You were on level 2 of the Dungeon.
You visited 1 branch of the dungeon, and saw 2 of its levels.

You collected 97 gold pieces.

Inventory:

Armour
 a - a +0 robe (worn)
Jewellery
 d - a ring of magical power
Scrolls
 b - 2 scrolls of identify {unknown}
 f - a scroll of immolation {unknown}
 g - 3 scrolls of teleportation {unknown}
Potions
 c - a potion of lignification {unknown}
 e - a potion of berserk rage {unknown}
 h - a potion of attraction {unknown}
 i - a potion of curing {unknown}


   Skills:
 + Level 2.2 Dodging
 + Level 2.4 Stealth
 + Level 2.3 Spellcasting
 + Level 4.6 Conjurations


You had 3 spell levels left.
You knew the following spells:

 Your Spells              Type           Power      Damage    Failure   Level
a - Magic Dart            Conj           80%        1d7       2%          1
b - Searing Ray           Conj           40%        2d5       3%          2

Your spell library contained the following spells:

 Spells                   Type           Power      Damage    Failure   Level
 Dazzling Flash           Conj/Hex       22%        N/A       19%         3
 Inner Flame              Hex/Fire       2%         N/A       41%         3
 Fulminant Prism          Conj/Hex       5%         3d7       52%         4
 Iskenderun's Mystic Bla  Conj/Tloc      11%        2d4       52%         4
 Cause Fear               Hex            1%         N/A       83%         4
 Discord                  Hex            1%         N/A       100%        8


Dungeon Overview and Level Annotations

Branches:
Dungeon (2/15)

Altars:

Annotations:
D:2 Robin


Message History

You kill the goblin!
The searing ray hits the hobgoblin.
The hobgoblin is severely wounded.
A goblin comes into view. It is wielding a +0 club.
The hobgoblin closely misses you.
The searing ray hits the hobgoblin!
You kill the hobgoblin!
The searing ray hits Robin!
Robin is heavily wounded.
You finish channelling your searing ray.
The hobgoblin closely misses you.
A hobgoblin comes into view.
Robin drinks a potion.
Robin suddenly seems more resistant.
The hobgoblin closely misses you.
A goblin comes into view. It is wielding a +0 club.
The goblin hits you with a +0 club.
The hobgoblin hits you but does no damage.
The hobgoblin barely misses you. The goblin closely misses you.
The goblin barely misses you. The hobgoblin barely misses you.
Robin roars a battlecry!
The goblins go into a battle-frenzy!
The hobgoblin shouts!
The goblin shouts!
You hear a shout!
A goblin comes into view. It is wielding a +0 club.
The goblin barely misses you. The hobgoblin completely misses you.
Robin says, "A pitiful Human like you will never find the ORB!"
The goblin attacks as you move away! The goblin barely misses you.
A goblin comes into view. It is wielding a +0 club.
The hobgoblin closely misses you. Robin throws the goblin at you!
You miss the goblin. The goblin barely misses you.
A goblin comes into view. It is wielding a +0 dagger.
The hobgoblin barely misses you. The goblin hits you with a +0 club.
The goblin hits you with a +0 club. The hobgoblin hits you.
The goblin hits you with a +0 club.
* * * LOW HITPOINT WARNING * * *
The goblin attacks as you move away! The goblin hits you with a +0 club.
* * * LOW HITPOINT WARNING * * *
There is a stone staircase leading down here.
The goblin hits you with a +0 club.
You die...

# #.....#######.# ###.
###...........# .g...####
##............#
#g)g..###<.......†.<...
"...###gg##...†......†...
# ##.................
##gS...............
#.gg...............
#.@...............#
#...................##
####.............####
...#...#.......#
#.##########....# ..
#....# ## #....# ######


You could see Robin (resistant), an adder, 2 hobgoblins and 2 goblins.

Vanquished Creatures
  A dart slug (D:1)
  3 ball pythons
  6 bats
  2 endoplasms (D:1)
  A giant cockroach (D:2)
  7 goblins
  5 hobgoblins
  A quokka (D:1)
  2 frilled lizards (D:1)
  2 kobolds
  2 rats
32 creatures vanquished.

Notes
Turn   | Place    | Note
-------+----------+-------------------------------------------
     0 | D:1      | Marcotte the Human Conjurer began the quest for the Orb.
     0 | D:1      | Reached XP level 1. HP: 13/13 MP: 3/3
   234 | D:1      | Reached XP level 2. HP: 3/19 MP: 0/5
   805 | D:1      | Learned a level 2 spell: Searing Ray
  1600 | D:1      | Found a faded altar of an unknown god.
  1698 | D:1      | Reached XP level 3. HP: 24/24 MP: 1/6
  2298 | D:2      | Noticed Robin
  2312 | D:2      | HP: 1/24 [goblin/+0 club (6)]
  2314 | D:2      | Slain by a goblin

Illustrated notes

Levels and vault maps discovered:
D:1:      heliophobic_arrival_enchanted_forest, layout_basic,
          hellmonk_ecumenical_altar_zigzags, due_unseen_surprise
D:2:      layout_rooms, uniq_robin

Action                   || total
-------------------------++-------
Melee: Unarmed           ||    10
       Punch             ||     1
 Cast: Magic Dart        ||    43
       Searing Ray       ||     3
  Use: Potion            ||     1
Armor: Robe              ||    12
Dodge: Dodged            ||    54
